 Dungeon Crawl Stone Soup version 0.23.2-33-g5129a83184 (webtiles) character file.

Game seed: 9045112530721384860

6228 Aesthetico the Nimble (level 10, -7/83 (84) HPs)
             Began as a Ghoul Monk on July 18, 2019.
             Was a High Priest of Nemelex Xobeh.
             Mangled by Prince Ribbit (15 damage)
             ... on level 9 of the Dungeon.
             The game lasted 00:32:48 (8411 turns).

Aesthetico the Nimble (Ghoul Monk)                  Turns: 8411, Time: 00:32:48

HP:   -7/83 (84)    AC:  6    Str: 19    XL:     10   Next: 92%
MP:   9/9           EV: 18    Int:  5    God:    Nemelex Xobeh [*****.]
Gold: 677           SH:  0    Dex: 11    Spells: 9/9 levels left

rFire    + . .     SeeInvis .     - Unarmed
rCold    + . .     Gourm    .   (no shield)
rNeg     + + +     Faith    .   u - +2 robe {Archmagi}
rPois    ∞         Spirit   .   D - +0 helmet
rElec    .         Reflect  .   c - +0 cloak
rCorr    .         Harm     .   (no gloves)
MR       .....                  (no boots)
Stlth    +.........             (no amulet)
HPRegen  0.00/turn              E - ring of protection from fire
MPRegen  0.11/turn              (no ring)

@: rotting, studying Hexes, very slow
A: rotting body, claws 1, carnivore, cold resistance 1, negative energy
resistance 3, inhibited regeneration, torment resistance, unbreathing
a: Draw Escape, Draw Destruction, Draw Summoning, Triple Draw, Deal Four, Stack
Five, Renounce Religion


You were on level 9 of the Dungeon.
You worshipped Nemelex Xobeh.
Nemelex Xobeh was extremely pleased with you.
You were not hungry.

You visited 2 branches of the dungeon, and saw 10 of its levels.

You collected 677 gold pieces.

Inventory:

Hand Weapons
 v - the +8 mace "Hily" {crush, *Slow Str+3 Dex+3}
   (You found it on level 7 of the Dungeon)

   It inflicts extra damage upon your enemies.
   It affects your strength (+3).
   It affects your dexterity (+3).
   It may slow you when you take damage.
 w - a +0 arbalest
Armour
 c - a +0 cloak (worn)
 h - a +0 large shield
 k - a +0 leather armour
 u - a +2 robe of the Archmagi (worn)
 y - a +1 leather armour of poison resistance
 B - a cursed +0 scale mail
 D - a +0 helmet (worn)
Jewellery
 E - a ring of protection from fire (left claw)
 I - the ring "Tusk" {rElec rPois rF- rC+ Int+3, unknown}
   (You found it on level 8 of the Dungeon)

   [ring of intelligence]

   It affects your intelligence (+3).
   It makes you vulnerable to fire.
   It protects you from cold.
   It insulates you from electricity.
   It protects you from poison.
Wands
 s - a wand of paralysis (5)
 t - a wand of disintegration (41)
Scrolls
 a - 4 scrolls of remove curse {unknown}
 d - 4 scrolls of enchant armour {unknown}
 e - 9 scrolls of identify {unknown}
 g - 2 scrolls of enchant weapon {unknown}
 i - 2 scrolls of random uselessness {unknown}
 n - 2 scrolls of amnesia {unknown}
 o - 3 scrolls of blinking {unknown}
 p - 7 scrolls of teleportation {unknown}
 x - 3 scrolls of noise {unknown}
 F - a scroll of holy word {unknown}
 G - 3 scrolls of silence {unknown}
 J - a scroll of fog {unknown}
Potions
 j - 4 potions of agility {unknown}
 l - 2 potions of lignification {unknown}
 m - a potion of brilliance {unknown}
 q - 3 potions of haste {unknown}
 r - a potion of invisibility {unknown}
 z - a potion of degeneration {unknown}
 A - 3 potions of heal wounds {unknown}
 H - a potion of curing {unknown}
 K - a potion of flight {unknown}
Books
 C - a manual of Hexes
Comestibles
 b - 18 rations


   Skills:
 - Level 6.4 Fighting
 + Level 12.4 Dodging
 - Level 2.1 Stealth
 - Level 8.6 Unarmed Combat


You had 9 spell levels left.
You didn't know any spells.
Your spell library contained the following spells:

 Spells                   Type           Power        Failure   Level  Hunger
 Corona                   Hex            #......      47%         1    ##.....
 Slow                     Hex            #.......     63%         2    ###....
 Inner Flame              Hex/Fire       #.......     85%         3    ####...
 Portal Projectile        Hex/Tloc       #.....       85%         3    ####...
 Cause Fear               Hex            #.........   99%         4    #####..
 Leda's Liquefaction      Hex/Erth       #.........   99%         4    #####..


Dungeon Overview and Level Annotations

Branches:
Dungeon (9/15)             Temple (1/1) D:5
   Lair: D:8-11         Orc: D:9-12

Altars:
Dithmenos
Elyvilon
Gozag
Kikubaaqudgha
Nemelex Xobeh
Okawaru
Qazlal
Uskayaw
Zin
The Shining One

Shops:
D:6 %}   D:7 (   D:9 (

Annotations:
D:8 3 runed translucent doors, H0rd4k's ghost, novice DEWz
D:9 Prince Ribbit


Innate Abilities, Weirdness & Mutations

Your body is rotting away.
You thrive on raw meat.
You are immune to poison.
You have sharp fingernails.
You are carnivorous and can eat meat at any time.
Your flesh is cold resistant. (rC+)
You are immune to negative energy. (rN+++)
You do not regenerate when monsters are visible.
You are immune to unholy pain and torment.
You can survive without breathing.


Message History

You barely miss Prince Ribbit.
Prince Ribbit is heavily wounded.
Prince Ribbit lets out a mournful croak.
Prince Ribbit hits you!
You are too injured to fight recklessly!
You are too injured to fight recklessly!
You are too injured to fight recklessly!
You claw Prince Ribbit!
Prince Ribbit is severely wounded.
Prince Ribbit hits you!
* * * LOW HITPOINT WARNING * * *
Your unstable footing causes you to fumble your attack.
Prince Ribbit sighs, "It's not easy being green!"
Prince Ribbit hits you!
* * * LOW HITPOINT WARNING * * *
Okay, then.
You draw a card...
You have drawn Velocity.
Nothing appears to happen.
Prince Ribbit barely misses you. Prince Ribbit hits you!
You die...
Your body disappears without a glow.

........≈≈≈#..#
....∩...#≈≈##.#
........##≈≈#.###
.........#≈≈#...##
.........##≈#.#..#
....(.....#≈####≈#
..........# #≈#
..........# #≈##
.......#### #@≈#
......[# #F≈#
.......# #≈≈#
.......# ##≈#
.......# ≈#
.......## ≈#
........# ≈#
.......## ≈#
......##


You could see Prince Ribbit.

Vanquished Creatures
  2 two-headed ogres (D:9)
  2 hornets (D:9)
  2 hippogriffs
  Menkaure (D:7)
  A soldier ant (D:9)
  A porcupine (D:5)
  2 sky beasts
  A black bear (D:8)
  3 phantoms
  2 ice beasts
  3 ogres
  3 centaurs
  2 big kobolds
  4 bullfrogs
  A wyvern zombie (D:8)
  3 scorpions
  6 killer bees
  6 wights
  4 crimson imps
  A centaur zombie (D:6)
  4 hounds
  A centaur skeleton (D:7)
  5 orc priests
  Ijyb (D:4)
  4 iguanas
  8 orc wizards
  6 worker ants
  2 hound skeletons
  11 adders
  11 gnolls
  2 shadow imps
  5 oozes
  3 adder skeletons
  3 worms
  A dart slug (D:1)
  3 leopard geckos
  34 orcs
  7 giant cockroaches
  6 goblins
  16 hobgoblins
  5 jackals
  6 quokkas
  4 ball pythons
  A ball python skeleton (D:5)
  8 bats
  5 frilled lizards
  A giant cockroach zombie (D:6)
  14 kobolds
  A leopard gecko skeleton (D:4)
  A quokka skeleton (D:4)
  A quokka zombie (D:7)
  7 rats
  A fungus (D:7)
238 creatures vanquished.

Vanquished Creatures (collateral kills)
  An orc warrior (D:7)
  A wight (D:7)
  A howler monkey (D:7)
  Crazy Yiuf (D:7)
  An orc wizard (D:7)
5 creatures vanquished.

Vanquished Creatures (others)
  An ogre (D:7)
1 creature vanquished.

Grand Total: 244 creatures vanquished

Notes
Turn   | Place    | Note
-------+----------+-------------------------------------------
     0 | D:1      | Aesthetico the Ghoul Monk began the quest for the Orb.
     0 | D:1      | Reached XP level 1. HP: 19/19 MP: 0/0
    63 | D:1      | Reached XP level 2. HP: 21/26 MP: 1/1
   508 | D:1      | Found a sparkling altar of Nemelex Xobeh.
   516 | D:1      | Became a worshipper of Nemelex Xobeh the Trickster
   516 | D:1      | Received a gift from Nemelex Xobeh
   516 | D:1      | Reached * piety under Nemelex Xobeh
   516 | D:1      | Received a gift from Nemelex Xobeh
   516 | D:1      | Reached ** piety under Nemelex Xobeh
   542 | D:1      | Reached XP level 3. HP: 21/31 MP: 2/2
  1145 | D:2      | Received a gift from Nemelex Xobeh
  1152 | D:2      | Reached skill level 5 in Unarmed Combat
  1170 | D:2      | Found an opulent altar of Gozag.
  1172 | D:2      | Found a glowing silver altar of Zin.
  1350 | D:2      | Reached XP level 4. HP: 33/38 MP: 3/3
  1623 | D:3      | Reached XP level 5. HP: 7/45 MP: 4/4
  1731 | D:3      | Noticed a centaur
  1738 | D:3      | Killed a centaur
  1738 | D:3      | Reached XP level 6. HP: 39/51 MP: 5/5
  1947 | D:3      | Found a hide-covered altar of Uskayaw.
  1988 | D:3      | Reached *** piety under Nemelex Xobeh
  2414 | D:3      | Received a gift from Nemelex Xobeh
  2660 | D:4      | Noticed Ijyb
  2666 | D:4      | Killed Ijyb
  2754 | D:4      | Reached XP level 7. HP: 41/57 MP: 6/6
  3243 | D:4      | Found an iron altar of Okawaru.
  3321 | D:5      | Entered Level 5 of the Dungeon
  3412 | D:5      | Reached **** piety under Nemelex Xobeh
  3471 | D:5      | Received a gift from Nemelex Xobeh
  3517 | D:5      | Found a staircase to the Ecumenical Temple.
  3542 | Temple   | Entered the Ecumenical Temple
  3582 | D:5      | Noticed Eustachio
  3585 | D:5      | Noticed Eustachio
  3585 | D:5      | Eustachio changed into Eustachio the porcupine
  3590 | D:5      | Killed Eustachio the porcupine
  3590 | D:5      | Reached skill level 5 in Fighting
  3693 | D:5      | Reached XP level 8. HP: 62/70 MP: 7/7
  4093 | D:6      | Found an ancient bone altar of Kikubaaqudgha.
  4105 | D:6      | Found Vakal's Gadget Shop.
  4206 | D:6      | Reached skill level 3 in Dodging
  4235 | D:6      | Reached skill level 4 in Dodging
  4510 | D:6      | Reached skill level 5 in Dodging
  4933 | D:6      | Reached skill level 6 in Dodging
  5034 | D:6      | Found Gezat's Food Emporium.
  5130 | D:6      | Received a gift from Nemelex Xobeh
  5217 | D:7      | Reached XP level 9. HP: 9/78 MP: 8/8
  5268 | D:7      | Reached skill level 7 in Dodging
  5525 | D:7      | Found a stormy altar of Qazlal.
  5571 | D:7      | Identified the +7 mace of Magnificence {elec, Dex+2}
  5585 | D:7      | Noticed Menkaure
  5620 | D:7      | Killed Menkaure
  5660 | D:7      | Reached skill level 8 in Dodging
  5710 | D:7      | Found Huecah's Weapon Shoppe.
  6106 | D:7      | Found a runed translucent door.
  6109 | D:7      | Noticed Crazy Yiuf
  6122 | D:7      | Killed Crazy Yiuf
  6139 | D:7      | Got a pitted mace
  6140 | D:7      | Identified the +8 mace "Hily" {crush, *Slow Str+3 Dex+3}
                  | (You found it on level 7 of the Dungeon)
  6308 | D:7      | Received a gift from Nemelex Xobeh
  6344 | D:7      | Reached skill level 9 in Dodging
  6681 | D:7      | Reached ***** piety under Nemelex Xobeh
  6933 | D:8      | Reached skill level 10 in Dodging
  6933 | D:8      | Reached XP level 10. HP: 14/84 MP: 9/9
  7039 | D:8      | Received a gift from Nemelex Xobeh
  7088 | D:8      | Found a runed translucent gate.
  7088 | D:8      | Found a runed translucent gate.
  7090 | D:8      | Found a runed translucent gate.
  7090 | D:8      | Noticed H0rd4k's ghost (novice DEWz)
  7241 | D:8      | Identified the +12 dagger of Lipnoluk {freeze, rPois rF+}
  7685 | D:8      | Got a coiled silver ring
  7715 | D:8      | Found a glowing golden altar of the Shining One.
  7806 | D:9      | Reached skill level 11 in Dodging
  7849 | D:9      | Found a shadowy altar of Dithmenos.
  7864 | D:9      | Noticed a two-headed ogre
  7895 | D:9      | Killed a two-headed ogre
  7953 | D:9      | Found a white marble altar of Elyvilon.
  8087 | D:9      | Received a gift from Nemelex Xobeh
  8115 | D:9      | Noticed a two-headed ogre
  8129 | D:9      | Killed a two-headed ogre
  8129 | D:9      | Reached skill level 12 in Dodging
  8232 | D:9      | Found Kuucev's Antique Weapon Boutique.
  8386 | D:9      | Noticed Prince Ribbit
  8411 | D:9      | Mangled by Prince Ribbit

Skill      XL: |  1  2  3  4  5  6  7  8  9 10 |
---------------+-------------------------------+-----
Unarmed Combat | 4 5 6 7 8 |  8.6
Fighting       | 6 |  6.4
Dodging        | 6 10 12 | 12.4
Stealth        | |  2.1

Action                   |  1- 3 |  4- 6 |  7- 9 | 10-12 || total
-------------------------+-------+-------+-------+-------++-------
Melee: Unarmed           |   123 |   185 |   331 |   220 ||   859
       Punch             |     1 |     2 |     6 |     5 ||    14
       Mace              |       |       |    22 |       ||    22
 Abil: Draw Destruction  |       |     5 |    15 |       ||    20
       Draw Summoning    |       |       |     4 |       ||     4
       Draw Escape       |       |       |       |     1 ||     1
 Stab: Sleeping          |     2 |     6 |     1 |     2 ||    11
  Eat: Chunk             |     6 |    14 |    24 |    31 ||    75
Armor: Robe              |    32 |       |    69 |    33 ||   134
       Leather armour    |     1 |    33 |       |       ||    34
Dodge: Dodged            |    91 |    77 |   259 |   185 ||   612
